 Dungeon Crawl Stone Soup version 0.21-a0-153-g78480df (webtiles) character file.

91 wazuzu the Magician (level 4, -2/24 HPs)
             Began as a Deep Elf Wizard on July 31, 2017.
             Killed from afar by a white imp (5 damage)
             ... with a puff of frost
             ... summoned by Natasha
             ... on level 2 of the Dungeon.
             The game lasted 00:04:08 (1673 turns).

wazuzu the Magician (Deep Elf Wizard)               Turns: 1673, Time: 00:04:08

Health: -2/24      AC:  4    Str:  4    XL:     4   Next: 33%
Magic:  0/13       EV: 13    Int: 24    God:
Gold:   156        SH:  0    Dex: 13    Spells: 13/14 levels left

rFire    . . .     SeeInvis .   (no weapon)
rCold    . . .     Gourm    .   (no shield)
rNeg     . . .     Faith    .   a - +0 robe
rPois    .         Spirit   +   b - +0 hat
rElec    .         Reflect  .   m - +0 cloak
rCorr    .         Harm     .   (no gloves)
MR       .....                  p - +0 pair of boots
Stlth    ++........             u - amulet of guardian spirit
HPRegen  0.08/turn              i - +2 ring of slaying
MPRegen  0.13/turn              (no ring)

@: no status effects
A: no striking features
a: no special abilities


You were on level 2 of the Dungeon.
You were very hungry.

You visited 1 branch of the dungeon, and saw 2 of its levels.

You collected 156 gold pieces.

Inventory:

Armour
 a - a +0 robe (worn)
 b - a +0 hat (worn)
 m - a +0 cloak (worn)
 p - a +0 pair of boots (worn)
Jewellery
 i - a +2 ring of slaying (left hand)
 u - an amulet of guardian spirit (around neck)
Scrolls
 e - 3 scrolls of teleportation {unknown}
 f - a scroll of remove curse {unknown}
 k - 2 scrolls of magic mapping {unknown}
 l - 2 scrolls of enchant armour {unknown}
 n - a scroll of recharging {unknown}
 o - 2 scrolls of identify {unknown}
 r - a scroll of amnesia {unknown}
Potions
 g - a potion of heal wounds {unknown}
 h - 2 potions of haste {unknown}
 j - a potion of flight {unknown}
 s - a potion of might {unknown}
 t - a potion of ambrosia {unknown}
Books
 c - a book of Minor Magic

   Spells                             Type                      Level
   a - Magic Dart                     Conjuration                  1
   b - Blink                          Translocation                2
   c - Call Imp                       Summoning                    2
   d - Slow                           Hexes                        2
   e - Conjure Flame                  Conjuration/Fire             3
   f - Mephitic Cloud                 Conjuration/Poison/Air       3
Comestibles
 d - 2 bread rations
 q - 3 fruits


   Skills:
 - Level 2.4 Dodging
 - Level 2.4 Stealth
 + Level 5.6 Spellcasting
 * Level 3.6 Conjurations
   Level 1.1 Summonings
   Level 1.1 Translocations


You had 13 spell levels left.
You knew the following spells:

 Your Spells              Type           Power        Failure   Level  Hunger
a - Magic Dart            Conj           ###.         1%          1    None


Dungeon Overview and Level Annotations

Branches:
Dungeon (2/15)

Altars:

Annotations:
D:2 Natasha


Message History

Press: ? - help, Shift-Dir - straight line, f/p - Natasha
Aim: Natasha (almost dead)
The magic dart hits the crimson imp.
The crimson imp hits you but does no damage.
The crimson imp closely misses you.
The white imp shouts, "Remove thy stench, thou mammering elf-skinned bootlicker!"
The crimson imp blinks!
The crimson imp blinks!
Natasha stares at you and mumbles some strange words.
The magic dart hits you!
* * * LOW HITPOINT WARNING * * *
Natasha extends her claws.
The crimson imp blinks!
The white imp gestures at you. The puff of frost hits you!
* * * LOW HITPOINT WARNING * * *
The crimson imp blinks!
The white imp gestures at you. The puff of frost hits you!
You die...

#......)..#####
#........###..
#.............#
#.............
#.............#
##.#.###†###..
#####..5.5....#
#.#.# #.# %..
#....h....# # ##
#.# #..
#.........# #..
#.. #.........#
+## #..
##........####.#
..r
#....5..@.....#
############....
##


You could see Natasha, 2 crimson imps and a white imp.

Vanquished Creatures
  Natasha (D:2)
  An adder (D:2)
  An ooze (D:1)
  3 leopard geckos
  3 giant cockroaches
  6 goblins
  9 hobgoblins
  4 jackals
  A quokka (D:2)
  A ball python (D:1)
  2 bats (D:1)
  5 frilled lizards
  5 kobolds
  6 rats
48 creatures vanquished.

Notes
Turn   | Place    | Note
-------+----------+-------------------------------------------
     0 | D:1      | wazuzu the Deep Elf Wizard began the quest for the Orb.
     0 | D:1      | Reached XP level 1. HP: 10/10 MP: 7/7
   106 | D:1      | Reached XP level 2. HP: 15/15 MP: 4/9
   373 | D:1      | Reached skill level 5 in Spellcasting
   540 | D:1      | Reached XP level 3. HP: 19/19 MP: 5/11
  1398 | D:2      | Noticed Natasha
  1403 | D:2      | Killed Natasha
  1403 | D:2      | Reached XP level 4. HP: 22/24 MP: 6/13
  1656 | D:2      | Noticed Natasha
  1673 | D:2      | Killed from afar by a white imp

Vault maps used:
D:1:      shiori_arrival_maze
D:2:      first_bread, roderic_curled_sauvastika, uniq_crazy_yiuf_cottage,
          uniq_natasha

Skill      XL: |  1  2  3 |
---------------+----------+-----
Conjurations   | 2 3 |  3.6
Spellcasting   | 5 |  5.6
Dodging        | |  2.4
Stealth        | |  2.4
Summonings     | |  1.1
Translocations | |  1.1

Action                   |  1- 3 |  4- 6 || total
-------------------------+-------+-------++-------
Melee: Unarmed           |     1 |       ||     1
 Cast: Magic Dart        |    99 |    19 ||   118
  Eat: Chunk             |     1 |       ||     1
Armor: Robe              |     1 |     2 ||     3
Dodge: Dodged            |     9 |     2 ||    11
